PL
DETROIT RENAISSANCE @ ATHLETIC CLUB KC
09/14/2027
 
TOP OF THE 1ST
Detroit Renaissance batting - Pitching for Athletic Club KC : LHP Vincent Hall
Pitching: LHP Vincent Hall
Batting: LHB Yoichibei Sato 0-0: Ground out 3-1 (Groundball, 34S)
Batting: RHB Bernardo Herrera 0-0: Called Strike
0-1: Foul Ball, location: 2F
0-2: Ball
1-2: Ground out 5-3 (Groundball, 56)
Batting: RHB Brent Ryan 0-0: Ball
1-0: Called Strike
1-1: Ball
2-1: Ground out 5-3 (Groundball, 56S)
Top of the 1st over - 0 run(s), 0 hit(s), 0 error(s), 0 left on base; Detroit 0 - Athletic Club KC 0
BOTTOM OF THE 1ST
Athletic Club KC batting - Pitching for Detroit Renaissance : RHP Cris Mendoza
Pitching: RHP Cris Mendoza
Batting: RHB Pil-joong Pak 0-0: Foul Ball, location: 2F
0-1: Ball
1-1: Ball
2-1: Foul Ball, location: 2F
2-2: Strikes out swinging
Batting: RHB Dong-min Cho 0-0: Bunted foul
0-1: Ball
1-1: Swinging Strike
1-2: Ground out 6-3 (Groundball, 6)
Batting: RHB David Edwards 0-0: Ball
1-0: Ball
2-0: Fly out, F3 (Flyball, 34D)
Bottom of the 1st over - 0 run(s), 0 hit(s), 0 error(s), 0 left on base; Detroit 0 - Athletic Club KC 0
TOP OF THE 2ND
Detroit Renaissance batting - Pitching for Athletic Club KC : LHP Vincent Hall
Batting: SHB Valentín Guzmán 0-0: Ball
1-0: Foul Ball, location: 2F
1-1: Called Strike
1-2: Foul Ball, location: 2F
1-2: Ball
2-2: Ball
3-2: SOLO HOME RUN (Flyball, 78XD), Distance : 420 ft
Batting: RHB Enrique Pérez 0-0: Called Strike
0-1: Called Strike
0-2: Fly out, F7 (Flyball, 7)
Batting: LHB Ray Sears 0-0: Foul Ball, location: 2F
0-1: Ball
1-1: Ground out 4-3 (Groundball, 34)
Batting: RHB Lonnie Conrad 0-0: Called Strike
0-1: Swinging Strike
0-2: Ball
1-2: Ball
2-2: Strikes out swinging
Top of the 2nd over - 1 run(s), 1 hit(s), 0 error(s), 0 left on base; Detroit 1 - Athletic Club KC 0
BOTTOM OF THE 2ND
Athletic Club KC batting - Pitching for Detroit Renaissance : RHP Cris Mendoza
Batting: SHB Pedro Vázquez 0-0: Foul Ball, location: 2F
0-1: SINGLE (Groundball, 6) (infield hit)
Batting: RHB Todd Blake 0-0: Ball
1-0: DOUBLE (Line Drive, 8LXD)
Pedro Vázquez to third
Batting: LHB Michael Neely 0-0: Fly out, F8 (Flyball, 8LM)
Runner from 3rd tags up, SCORES, no throw
Batting: SHB Eric Moore 0-0: Ball
1-0: Foul Ball, location: 2F
1-1: Ground out 3-1 (Groundball, 34)
Todd Blake to third
Batting: RHB Allen Williams 0-0: Called Strike
0-1: Called Strike
0-2: Ball
1-2: Ball
2-2: Strikes out swinging
Bottom of the 2nd over - 1 run(s), 2 hit(s), 0 error(s), 1 left on base; Detroit 1 - Athletic Club KC 1
TOP OF THE 3RD
Detroit Renaissance batting - Pitching for Athletic Club KC : LHP Vincent Hall
Batting: RHB Alex Maxwell 0-0: Ball
1-0: Foul Ball, location: 2F
1-1: Ball
2-1: Foul Ball, location: 2F
2-2: Strikes out swinging
Batting: RHB Kyle Bywaters 0-0: Foul Ball, location: 2F
0-1: Foul Ball, location: 2F
0-2: SINGLE (Line Drive, 7LS)
Batting: LHB Yoichibei Sato 0-0: Ball
1-0: Called Strike
1-1: Ball
2-1: Swinging Strike
2-2: Ball
3-2: Strikes out swinging
Batting: RHB Bernardo Herrera 0-0: Ball
1-0: Called Strike
1-1: Fielders Choice at 2nd, 4-6 (Groundball, 4)
Top of the 3rd over - 0 run(s), 1 hit(s), 0 error(s), 0 left on base; Detroit 1 - Athletic Club KC 1
BOTTOM OF THE 3RD
Athletic Club KC batting - Pitching for Detroit Renaissance : RHP Cris Mendoza
Batting: RHB Rick Atkinson 0-0: Foul Ball, location: 2F
0-1: Ball
1-1: Ball
2-1: Called Strike
2-2: Ball
3-2: DOUBLE (Flyball, 8LXD)
Batting: RHB Pil-joong Pak 0-0: Called Strike
0-1: Swinging Strike
0-2: Ball
1-2: Ball
2-2: Foul Ball, location: 2F
2-2: Ball
3-2: Base on Balls
Batting: RHB Dong-min Cho 0-0: SINGLE (Groundball, 34D)
Rick Atkinson to third
Pil-joong Pak to second
Runner from 3rd tries for Home, SAFE, throw made home
Pil-joong Pak to third
Dong-min Cho to second
Batting: RHB David Edwards 0-0: Ball
1-0: Foul Ball, location: 2F
1-1: Foul Ball, location: 2F
1-2: Foul Ball, location: 2F
1-2: Ball
2-2: Foul Ball, location: 2F
2-2: Ground out 6-3 (Groundball, 6M)
Pil-joong Pak scores
Dong-min Cho to third
Batting: SHB Pedro Vázquez 0-0: Ground out 4-3 (Groundball, 34)
Dong-min Cho scores
Batting: RHB Todd Blake 0-0: Fly out, F8 (Flyball, 8LM)
Bottom of the 3rd over - 3 run(s), 2 hit(s), 0 error(s), 0 left on base; Detroit 1 - Athletic Club KC 4
TOP OF THE 4TH
Detroit Renaissance batting - Pitching for Athletic Club KC : LHP Vincent Hall
Batting: RHB Brent Ryan 0-0: Foul Ball, location: 2F
0-1: Ball
1-1: Ball
2-1: SINGLE (Groundball, 6MD)
Batting: SHB Valentín Guzmán 0-0: Called Strike
0-1: Ball
1-1: Ball
Brent Ryan steals 2nd base
2-1: Fly out, F7 (Flyball, 78D)
Batting: RHB Enrique Pérez 0-0: Ball
1-0: Swinging Strike
1-1: Foul Ball, location: 2F
1-2: Strikes out swinging
Batting: LHB Ray Sears 0-0: Swinging Strike
0-1: Swinging Strike
0-2: Foul Ball, location: 2F
0-2: Foul Ball, location: 2F
0-2: Strikes out looking
Top of the 4th over - 0 run(s), 1 hit(s), 0 error(s), 1 left on base; Detroit 1 - Athletic Club KC 4
BOTTOM OF THE 4TH
Athletic Club KC batting - Pitching for Detroit Renaissance : RHP Cris Mendoza
Batting: LHB Michael Neely 0-0: Ball
1-0: Fly out, F8 (Line Drive, 8RM)
Batting: SHB Eric Moore 0-0: Called Strike
0-1: Ball
1-1: Ground out 4-3 (Groundball, 4)
Batting: RHB Allen Williams 0-0: Swinging Strike
0-1: Swinging Strike
0-2: DOUBLE (Line Drive, 7LD)
Batting: RHB Rick Atkinson 0-0: Ball
1-0: Swinging Strike
1-1: Foul Ball, location: 2F
1-2: Ball
2-2: Ball
3-2: Strikes out swinging
Bottom of the 4th over - 0 run(s), 1 hit(s), 0 error(s), 1 left on base; Detroit 1 - Athletic Club KC 4
TOP OF THE 5TH
Detroit Renaissance batting - Pitching for Athletic Club KC : LHP Vincent Hall
Batting: RHB Lonnie Conrad 0-0: Called Strike
0-1: Ball
1-1: Swinging Strike
1-2: SOLO HOME RUN (Flyball, 7D), Distance : 401 ft
Batting: RHB Alex Maxwell 0-0: Ball
1-0: Ball
2-0: TRIPLE (Line Drive, 9LD)
Batting: RHB Kyle Bywaters 0-0: DOUBLE (Groundball, 3L)
Alex Maxwell scores
Batting: LHB Yoichibei Sato 0-0: Called Strike
0-1: Sac Bunt - play at first, batter OUT! 1-3
Kyle Bywaters to third
Batting: RHB Bernardo Herrera 0-0: Ball
1-0: Ball
2-0: Foul Ball, location: 2F
2-1: Swinging Strike
2-2: Ball
3-2: Foul Ball, location: 2F
3-2: Foul Ball, location: 2F
3-2: Ground out 5-3 (Groundball, 5L)
Batting: RHB Brent Ryan 0-0: Fly out, F7 (Flyball, 7D)
Top of the 5th over - 2 run(s), 3 hit(s), 0 error(s), 1 left on base; Detroit 3 - Athletic Club KC 4
BOTTOM OF THE 5TH
Athletic Club KC batting - Pitching for Detroit Renaissance : RHP Cris Mendoza
Batting: RHB Pil-joong Pak 0-0: Ball
1-0: Ball
2-0: Called Strike
2-1: Ball
3-1: Foul Ball, location: 2F
3-2: Strikes out swinging
Batting: RHB Dong-min Cho 0-0: Fly out, F4 (Popup, 4D)
Batting: RHB David Edwards 0-0: Ground out 4-3 (Groundball, 4)
Bottom of the 5th over - 0 run(s), 0 hit(s), 0 error(s), 0 left on base; Detroit 3 - Athletic Club KC 4
TOP OF THE 6TH
Detroit Renaissance batting - Pitching for Athletic Club KC : LHP Vincent Hall
Batting: SHB Valentín Guzmán 0-0: Ball
1-0: Called Strike
1-1: Ball
2-1: Fly out, F7 (Flyball, 7)
Batting: RHB Enrique Pérez 0-0: Called Strike
0-1: Fly out, F7 (Flyball, 78D)
Batting: LHB Ray Sears 0-0: Called Strike
0-1: Ball
1-1: Fly out, F8 (Flyball, 89M)
Top of the 6th over - 0 run(s), 0 hit(s), 0 error(s), 0 left on base; Detroit 3 - Athletic Club KC 4
BOTTOM OF THE 6TH
Athletic Club KC batting - Pitching for Detroit Renaissance : RHP Cris Mendoza
Batting: SHB Pedro Vázquez 0-0: Called Strike
0-1: SINGLE (Line Drive, 56D)
Batting: RHB Todd Blake 0-0: Ball
1-0: Ball
2-0: Foul Ball, location: 2F
2-1: SINGLE (Flyball, 89S)
Pedro Vázquez to second
Runner from 2nd tries for 3rd, SAFE, no throw
Batting: LHB Michael Neely 0-0: Called Strike
0-1: Foul Ball, location: 2F
0-2: Strikes out swinging
Batting: SHB Eric Moore 0-0: Called Strike
0-1: Foul Ball, location: 2F
0-2: Foul Ball, location: 2F
0-2: Ball
1-2: Ball
2-2: Hit by Pitch
Todd Blake to second
Batting: RHB Allen Williams 0-0: Called Strike
0-1: SINGLE (Line Drive, 56)
Pedro Vázquez scores
Todd Blake to third
Eric Moore to second
Runner from 3rd tries for Home, SAFE, throw made home
Pitching: RHP Jack Carr
Batting: RHB Rick Atkinson 0-0: Called Strike
0-1: Called Strike
0-2: Reached on error, E9 (Flyball, 9S)
Eric Moore to third
Allen Williams to second
Batting: RHB Pil-joong Pak 0-0: Ball
1-0: Called Strike
1-1: Ball
2-1: Fly out, F7 (Flyball, 78D)
Runner from 3rd tags up, SCORES, no throw
Batting: RHB Dong-min Cho 0-0: Called Strike
0-1: Reached on error, E6 (Groundball, 6S)
Allen Williams to third
Rick Atkinson to second
Batting: RHB David Edwards 0-0: Ground out 1-3 (Groundball, 15S)
Bottom of the 6th over - 3 run(s), 3 hit(s), 2 error(s), 3 left on base; Detroit 3 - Athletic Club KC 7
TOP OF THE 7TH
Detroit Renaissance batting - Pitching for Athletic Club KC : LHP Vincent Hall
Batting: RHB Lonnie Conrad 0-0: Ball
1-0: Ball
2-0: Ball
3-0: Called Strike
3-1: Called Strike
3-2: Foul Ball, location: 2F
3-2: Ground out 6-3 (Groundball, 56)
Batting: RHB Alex Maxwell 0-0: Ball
1-0: Ground out 5-3 (Groundball, 5S)
Batting: RHB Kyle Bywaters 0-0: Foul Ball, location: 2F
0-1: SINGLE (Line Drive, 6MD)
Batting: LHB Yoichibei Sato 0-0: Ball
1-0: Ball
Kyle Bywaters steals 2nd base
2-0: Ball
3-0: Called Strike
3-1: Fly out, F8 (Flyball, 78S)
Top of the 7th over - 0 run(s), 1 hit(s), 0 error(s), 1 left on base; Detroit 3 - Athletic Club KC 7
BOTTOM OF THE 7TH
Athletic Club KC batting - Pitching for Detroit Renaissance : RHP Jack Carr
Batting: SHB Pedro Vázquez 0-0: Called Strike
0-1: Fly out, F8 (Flyball, 78D)
Batting: RHB Todd Blake 0-0: Ball
1-0: Ground out 6-3 (Groundball, 6M)
Batting: LHB Michael Neely 0-0: Ball
1-0: Ball
2-0: Fly out, F3 (Popup, 3S)
Bottom of the 7th over - 0 run(s), 0 hit(s), 0 error(s), 0 left on base; Detroit 3 - Athletic Club KC 7
TOP OF THE 8TH
Detroit Renaissance batting - Pitching for Athletic Club KC : LHP Vincent Hall
Pitching: RHP Ole Kos
Batting: RHB Bernardo Herrera 0-0: Foul Ball, location: 2F
0-1: Ball
1-1: Foul Ball, location: 2F
1-2: Ball
2-2: SINGLE (Line Drive, 78M)
Batting: RHB Brent Ryan 0-0: Ball
1-0: Ball
2-0: Ball
3-0: Base on Balls
Bernardo Herrera to second
Pitching: RHP Jason Hamilton
Batting: SHB Valentín Guzmán 0-0: Foul Ball, location: 2F
0-1: Called Strike
0-2: Strikes out looking
Batting: RHB Enrique Pérez 0-0: Called Strike
0-1: Called Strike
0-2: Strikes out swinging
Pitching: LHP António Uribe
Batting: LHB Ray Sears 0-0: Called Strike
0-1: Foul Ball, location: 2F
0-2: Strikes out swinging
Top of the 8th over - 0 run(s), 1 hit(s), 0 error(s), 2 left on base; Detroit 3 - Athletic Club KC 7
BOTTOM OF THE 8TH
Athletic Club KC batting - Pitching for Detroit Renaissance : RHP Jack Carr
Batting: SHB Eric Moore 0-0: Ball
1-0: Called Strike
1-1: Called Strike
1-2: SINGLE (Line Drive, 78S)
Batting: RHB Allen Williams 0-0: Ball
1-0: Bunted foul
1-1: Bunted foul
1-2: Ball
2-2: DOUBLE (Line Drive, 9LM)
Eric Moore to third
Batting: RHB Rick Atkinson 0-0: Called Strike
0-1: Ball
1-1: Swinging Strike
1-2: SINGLE (Line Drive, 8LS)
Eric Moore scores
Allen Williams to third
Batting: RHB Pil-joong Pak 0-0: Called Strike
0-1: SINGLE (Flyball, 7S)
Allen Williams scores
Rick Atkinson to second
Batting: RHB Dong-min Cho 0-0: Called Strike
0-1: Ball
1-1: Swinging Strike
1-2: Ball
2-2: Grounds into double play, 5-4-3 (Groundball, 56)
Rick Atkinson to third
Batting: RHB David Edwards 0-0: Foul Ball, location: 2F
0-1: Foul Ball, location: 2F
0-2: Ground out 1-3 (Groundball, 13)
Bottom of the 8th over - 2 run(s), 4 hit(s), 0 error(s), 1 left on base; Detroit 3 - Athletic Club KC 9
TOP OF THE 9TH
Detroit Renaissance batting - Pitching for Athletic Club KC : LHP António Uribe
Batting: RHB Lonnie Conrad 0-0: SOLO HOME RUN (Flyball, 78XD), Distance : 435 ft
Batting: RHB Alex Maxwell 0-0: Called Strike
0-1: Ball
1-1: Fly out, F7 (Line Drive, 7)
Batting: RHB Kyle Bywaters 0-0: Ball
1-0: Ball
2-0: Called Strike
2-1: Ball
3-1: Called Strike
3-2: Base on Balls
Batting: LHB Yoichibei Sato 0-0: Foul Ball, location: 2F
0-1: Called Strike
0-2: Strikes out swinging
Batting: RHB Bernardo Herrera 0-0: Foul Ball, location: 2F
0-1: Swinging Strike
0-2: Ball
1-2: Ball
2-2: Foul Ball, location: 2F
2-2: Strikes out looking
Top of the 9th over - 1 run(s), 1 hit(s), 0 error(s), 1 left on base; Detroit 4 - Athletic Club KC 9
Saturday, May 26th, 2018 - OOTP Baseball 17.12 Build 75